cohdb
Replays
Latest Replays
All Replays
Popular Replays
Top Player Replays
Match Explorer
How It Works
Community
CoH3 Stats
Reddit
Sign in to upload your games and track your stats! →
Sign in with Steam
Match 39663539
Unlisted
Match 39663539
Overview
Messages
Build Orders
End
Kettenkrad Recon Vehicle
Construct Infanterie Kompanie
Selects Terror Battlegroup
Grenadier Squad
MG 42 Machine Gun Team
Selects Machine Gun Camouflage
Grenadier Squad
Construct Luftwaffe Kompanie
221 Scout Car
Jäger Squad
Selects Contempt for the Weak
Pioneer Squad
Luftwaffe Officer Quarters
Medical Station
Selects Jericho Trumpet
Support Elements
Construct Panzer Kompanie
Panzer IV Medium Tank
Jäger Squad
Selects V1 Rocket Strike
Panzer IV Medium Tank
Pioneer Squad
Panzer IV Medium Tank
Panzer Officer Quarters
Side Skirts
V1 Rocket Strike
Jäger Squad
Selects Defend the Fatherland
Panzer IV Medium Tank
Panzer IV Medium Tank
Ghaell
咯咯
ReverseAverage
ßoo
Tactical Nuclear Cow
山田凉
0
0
Comments
sign in to comment!
No comments posted yet!